TOP OF THE 1ST |
University of Nebraska Cornhuskers batting - Pitching for University of Virginia Cavaliers : RHP Jayden Johnson
|
Pitching: RHP Jayden Johnson
|
|
Batting: RHB Danny Forbes
|
0-0: Ball 1-0: Foul Ball, location: 2F 1-1: SINGLE (Groundball, 56D, EV 105.0 MPH)
|
Batting: SHB Gary Luckwell
|
0-0: Called Strike 0-1: Foul Ball, location: 2F 0-2: Ball 1-2: Strikes out swinging
|
Batting: LHB Bob Appleby
|
0-0: Foul Ball, location: 2F 0-1: Ball 1-1: Ball 2-1: Foul Ball, location: 2F 2-2: Fly out, F8 (Flyball, 8LM, EV 76.9 MPH)
|
Batting: LHB David Sigmon
|
0-0: Called Strike 0-1: Ball 1-1: Ball 2-1: Swinging Strike 2-2: Ball 3-2: SINGLE (Groundball, 34, EV 101.9 MPH) Danny Forbes to second Danny Forbes to third
|
Batting: RHB Mario Lopec
|
0-0: Ball 1-0: Called Strike 1-1: SINGLE (Groundball, 4MD, EV 98.1 MPH) Danny Forbes scores David Sigmon to second
|
Batting: LHB Avicenna Abdul-Muta'al
|
0-0: Called Strike 0-1: Swinging Strike 0-2: Ball 1-2: Strikes out looking
|
Top of the 1st over - 1 run, 3 hits, 0 errors, 2 left on base; University of Nebraska 1 - University of Virginia 0 |
BOTTOM OF THE 1ST |
University of Virginia Cavaliers batting - Pitching for University of Nebraska Cornhuskers : RHP Leo Morrall
|
Pitching: RHP Leo Morrall
|
|
Batting: RHB Scott Anderson
|
0-0: Ball 1-0: Ball 2-0: Ball 3-0: Called Strike 3-1: Foul Ball, location: 2F 3-2: Foul Ball, location: 2F 3-2: Strikes out swinging
|
Batting: LHB Edelberto Barbas
|
0-0: Fly out, F8 (Flyball, 8LM, EV 88.8 MPH)
|
Batting: LHB Eustachio Bontempi
|
0-0: Ball 1-0: Ball 2-0: Called Strike 2-1: Called Strike 2-2: Foul Ball, location: 2F 2-2: Fly out, F8 (Flyball, 89M, EV 88.1 MPH)
|
Bottom of the 1st over - 0 runs, 0 hits, 0 errors, 0 left on base; University of Nebraska 1 - University of Virginia 0 |
TOP OF THE 2ND |
University of Nebraska Cornhuskers batting - Pitching for University of Virginia Cavaliers : RHP Jayden Johnson
|
Batting: RHB Charlie Lutz
|
0-0: Called Strike 0-1: SINGLE (Line Drive, 78S, EV 93.1 MPH)
|
Batting: SHB Andy Henn
|
0-0: Called Strike 0-1: Ball 1-1: Swinging Strike 1-2: Ball 2-2: Strikes out swinging
|
Batting: RHB Aidan Collet
|
0-0: Fly out, F7 (Flyball, 7D, EV 94.4 MPH)
|
Batting: RHB Danny Forbes
|
0-0: Called Strike 0-1: Ball 1-1: Ball 2-1: Ball 3-1: Called Strike 3-2: Foul Ball, location: 2F 3-2: Ground out 6-3 (Groundball, 6, EV 108.1 MPH)
|
Top of the 2nd over - 0 runs, 1 hit, 0 errors, 1 left on base; University of Nebraska 1 - University of Virginia 0 |
BOTTOM OF THE 2ND |
University of Virginia Cavaliers batting - Pitching for University of Nebraska Cornhuskers : RHP Leo Morrall
|
Batting: LHB Ray Nichter
|
0-0: Swinging Strike 0-1: Ball 1-1: Swinging Strike 1-2: Strikes out swinging
|
Batting: RHB Rob Coble
|
0-0: Called Strike 0-1: Foul Ball, location: 2F 0-2: Ground out 5-3 (Groundball, 56, EV 106.9 MPH)
|
Batting: RHB Leo Baxter
|
0-0: Called Strike 0-1: Foul Ball, location: 2F 0-2: Foul Ball, location: 2F 0-2: Hit by Pitch
|
Batting: RHB Allen McCaskill
|
0-0: Ball 1-0: Ball 2-0: Ball 3-0: Base on Balls Leo Baxter to second
|
Batting: RHB Jason Thresher
|
0-0: Swinging Strike 0-1: Ball 1-1: Swinging Strike 1-2: Strikes out swinging
|
Bottom of the 2nd over - 0 runs, 0 hits, 0 errors, 2 left on base; University of Nebraska 1 - University of Virginia 0 |
TOP OF THE 3RD |
University of Nebraska Cornhuskers batting - Pitching for University of Virginia Cavaliers : RHP Jayden Johnson
|
Batting: SHB Gary Luckwell
|
0-0: Swinging Strike 0-1: Ground out 3-1 (Groundball, 13, EV 88.1 MPH)
|
Batting: LHB Bob Appleby
|
0-0: Fly out, F8 (Flyball, 8RM, EV 80.0 MPH)
|
Batting: LHB David Sigmon
|
0-0: Ball 1-0: Ball 2-0: Ball 3-0: Called Strike 3-1: Fly out, F9 (Flyball, 9, EV 98.1 MPH)
|
Top of the 3rd over - 0 runs, 0 hits, 0 errors, 0 left on base; University of Nebraska 1 - University of Virginia 0 |
BOTTOM OF THE 3RD |
University of Virginia Cavaliers batting - Pitching for University of Nebraska Cornhuskers : RHP Leo Morrall
|
Batting: RHB Sean Carswell
|
0-0: Ball 1-0: Called Strike 1-1: Swinging Strike 1-2: Ball 2-2: Strikes out swinging
|
Batting: RHB Scott Anderson
|
0-0: Ball 1-0: Ball 2-0: Ball 3-0: Called Strike 3-1: Ground out 4-3 (Groundball, 4M, EV 81.9 MPH)
|
Batting: LHB Edelberto Barbas
|
0-0: Ball 1-0: Foul Ball, location: 2F 1-1: Ball 2-1: Ball 3-1: Foul Ball, location: 2F 3-2: Base on Balls
|
Batting: LHB Eustachio Bontempi
|
0-0: Fly out, F9 (Flyball, 9D, EV 83.8 MPH)
|
Bottom of the 3rd over - 0 runs, 0 hits, 0 errors, 1 left on base; University of Nebraska 1 - University of Virginia 0 |
TOP OF THE 4TH |
University of Nebraska Cornhuskers batting - Pitching for University of Virginia Cavaliers : RHP Jayden Johnson
|
Batting: RHB Mario Lopec
|
0-0: Fly out, F8 (Flyball, 8RXD, EV 78.1 MPH)
|
Batting: LHB Avicenna Abdul-Muta'al
|
0-0: Foul Ball, location: 2F 0-1: Foul Ball, location: 2F 0-2: Fly out, F7 (Flyball, 7, EV 91.2 MPH)
|
Batting: RHB Charlie Lutz
|
0-0: Ball 1-0: Swinging Strike 1-1: Swinging Strike 1-2: Foul Ball, location: 2F 1-2: Foul Ball, location: 2F 1-2: Foul Ball, location: 2F 1-2: Fly out, F9 (Line Drive, 89M, EV 98.1 MPH)
|
Top of the 4th over - 0 runs, 0 hits, 0 errors, 0 left on base; University of Nebraska 1 - University of Virginia 0 |
BOTTOM OF THE 4TH |
University of Virginia Cavaliers batting - Pitching for University of Nebraska Cornhuskers : RHP Leo Morrall
|
Batting: LHB Ray Nichter
|
0-0: Ball 1-0: Ball 2-0: Called Strike 2-1: Foul Ball, location: 2F 2-2: Foul Ball, location: 2F 2-2: Foul Ball, location: 2F 2-2: Strikes out swinging
|
Batting: RHB Rob Coble
|
0-0: Called Strike 0-1: Ball 1-1: Foul Ball, location: 2F 1-2: Ball 2-2: Foul Ball, location: 2F 2-2: Foul Ball, location: 2F 2-2: Ball 3-2: Foul Ball, location: 2F 3-2: Base on Balls
|
Batting: RHB Leo Baxter
|
0-0: Ball 1-0: Swinging Strike 1-1: Ball 2-1: Ball 3-1: Called Strike 3-2: Fielders Choice at 2nd, 5-4 (Groundball, 56, EV 109.4 MPH)
|
Batting: RHB Allen McCaskill
|
0-0: Ball 1-0: Ball 2-0: Foul Ball, location: 2F 2-1: Called Strike 2-2: Ball 3-2: Strikes out swinging
|
Bottom of the 4th over - 0 runs, 0 hits, 0 errors, 1 left on base; University of Nebraska 1 - University of Virginia 0 |
TOP OF THE 5TH |
University of Nebraska Cornhuskers batting - Pitching for University of Virginia Cavaliers : RHP Jayden Johnson
|
Batting: SHB Andy Henn
|
0-0: Ball 1-0: Foul Ball, location: 2F 1-1: Ball 2-1: Ground out 6-3 (Groundball, 6M, EV 80.6 MPH)
|
Batting: RHB Aidan Collet
|
0-0: Ball 1-0: Foul Ball, location: 2F 1-1: Swinging Strike 1-2: SOLO HOME RUN (Flyball, 89XD, EV 109.4 MPH), Distance : 412 ft
|
Batting: RHB Danny Forbes
|
0-0: Called Strike 0-1: Ball 1-1: Foul Ball, location: 2F 1-2: Ground out 4-3 (Groundball, 4, EV 104.4 MPH)
|
Batting: SHB Gary Luckwell
|
0-0: Called Strike 0-1: Ball 1-1: Swinging Strike 1-2: Foul Ball, location: 2F 1-2: Strikes out swinging
|
Top of the 5th over - 1 run, 1 hit, 0 errors, 0 left on base; University of Nebraska 2 - University of Virginia 0 |
BOTTOM OF THE 5TH |
University of Virginia Cavaliers batting - Pitching for University of Nebraska Cornhuskers : RHP Leo Morrall
|
Batting: RHB Jason Thresher
|
0-0: Ball 1-0: Fly out, F7 (Line Drive, 7, EV 90.6 MPH)
|
Pitching: RHP Jong-hoon Hahn
|
|
Batting: RHB Sean Carswell
|
0-0: Ball 1-0: Foul Ball, location: 2F 1-1: Fly out, F9 (Flyball, 89M, EV 95.0 MPH)
|
Batting: RHB Scott Anderson
|
0-0: Called Strike 0-1: Ball 1-1: Called Strike 1-2: Ground out 3-1 (Groundball, 34S, EV 65.6 MPH)
|
Bottom of the 5th over - 0 runs, 0 hits, 0 errors, 0 left on base; University of Nebraska 2 - University of Virginia 0 |
TOP OF THE 6TH |
University of Nebraska Cornhuskers batting - Pitching for University of Virginia Cavaliers : RHP Jayden Johnson
|
Batting: LHB Bob Appleby
|
0-0: Ball 1-0: Foul Ball, location: 2F 1-1: Foul Ball, location: 2F 1-2: Ball 2-2: Strikes out swinging
|
Batting: LHB David Sigmon
|
0-0: Foul Ball, location: 2F 0-1: Ball 1-1: Called Strike 1-2: Fly out, F8 (Flyball, 8RD, EV 103.8 MPH)
|
Batting: RHB Mario Lopec
|
0-0: Foul Ball, location: 2F 0-1: Ball 1-1: Swinging Strike 1-2: Foul Ball, location: 2F 1-2: Ball 2-2: Ball 3-2: Foul Ball, location: 2F 3-2: Strikes out swinging
|
Top of the 6th over - 0 runs, 0 hits, 0 errors, 0 left on base; University of Nebraska 2 - University of Virginia 0 |
BOTTOM OF THE 6TH |
University of Virginia Cavaliers batting - Pitching for University of Nebraska Cornhuskers : RHP Jong-hoon Hahn
|
Batting: LHB Edelberto Barbas
|
0-0: Ball 1-0: SINGLE (Groundball, 4D, EV 101.9 MPH)
|
Batting: LHB Eustachio Bontempi
|
0-0: Ball Edelberto Barbas is caught stealing 2nd base 2-6 1-0: Ground out U3 (Groundball, 34, EV 103.1 MPH)
|
Batting: LHB Ray Nichter
|
0-0: Foul Ball, location: 2F 0-1: Swinging Strike 0-2: Foul Ball, location: 2F 0-2: Fly out, F7 (Flyball, 78M, EV 84.4 MPH)
|
Bottom of the 6th over - 0 runs, 1 hit, 0 errors, 0 left on base; University of Nebraska 2 - University of Virginia 0 |
TOP OF THE 7TH |
University of Nebraska Cornhuskers batting - Pitching for University of Virginia Cavaliers : RHP Jayden Johnson
|
Pitching: RHP Huang-di Jianbua
|
|
Batting: LHB Avicenna Abdul-Muta'al
|
0-0: Foul Ball, location: 2F 0-1: Fly out, F8 (Flyball, 8LD, EV 101.9 MPH)
|
Batting: RHB Charlie Lutz
|
0-0: Ball 1-0: Called Strike 1-1: Fly out, F6 (Popup, 6, EV 70.6 MPH)
|
Batting: SHB Andy Henn
|
0-0: Called Strike 0-1: Fly out, F9 (Line Drive, 9S, EV 90.6 MPH)
|
Top of the 7th over - 0 runs, 0 hits, 0 errors, 0 left on base; University of Nebraska 2 - University of Virginia 0 |
BOTTOM OF THE 7TH |
University of Virginia Cavaliers batting - Pitching for University of Nebraska Cornhuskers : RHP Jong-hoon Hahn
|
Batting: RHB Rob Coble
|
0-0: Called Strike 0-1: Ball 1-1: Foul Ball, location: 2F 1-2: Ball 2-2: Ball 3-2: Foul Ball, location: 2F 3-2: Strikes out swinging
|
Batting: RHB Leo Baxter
|
0-0: Ball 1-0: Ground out 4-3 (Groundball, 4M, EV 92.5 MPH)
|
Batting: RHB Allen McCaskill
|
0-0: Ball 1-0: Swinging Strike 1-1: Ball 2-1: Swinging Strike 2-2: Ball 3-2: Foul Ball, location: 2F 3-2: Strikes out looking
|
Bottom of the 7th over - 0 runs, 0 hits, 0 errors, 0 left on base; University of Nebraska 2 - University of Virginia 0 |
TOP OF THE 8TH |
University of Nebraska Cornhuskers batting - Pitching for University of Virginia Cavaliers : RHP Huang-di Jianbua
|
Batting: RHB Aidan Collet
|
0-0: Ball 1-0: Called Strike 1-1: Ball 2-1: SINGLE (Groundball, P, EV 77.5 MPH) (infield hit)
|
Batting: RHB Danny Forbes
|
0-0: Ball 1-0: SINGLE (Groundball, 56D, EV 97.5 MPH) Aidan Collet to second
|
Batting: SHB Gary Luckwell
|
0-0: Called Strike 0-1: Ball 1-1: Foul Ball, location: 2F 1-2: Strikes out swinging
|
Batting: LHB Bob Appleby
|
0-0: Ball 1-0: Ball 2-0: DOUBLE (Flyball, 8RXD, EV 106.2 MPH) Aidan Collet scores Danny Forbes to third
|
Batting: LHB David Sigmon
|
0-0: Fly out, F7 (Flyball, 78S, EV 95.0 MPH)
|
Batting: RHB Mario Lopec
|
0-0: Ball Wild Pitch! Danny Forbes scores Bob Appleby to third 1-0: Called Strike 1-1: Foul Ball, location: 2F 1-2: Foul Ball, location: 2F 1-2: Ball 2-2: Strikes out swinging
|
Top of the 8th over - 2 runs, 3 hits, 0 errors, 1 left on base; University of Nebraska 4 - University of Virginia 0 |
BOTTOM OF THE 8TH |
University of Virginia Cavaliers batting - Pitching for University of Nebraska Cornhuskers : RHP Jong-hoon Hahn
|
Pitching: RHP Jorge Morales
|
|
Batting: RHB Jason Thresher
|
0-0: Foul Ball, location: 2F 0-1: Swinging Strike 0-2: Ball 1-2: Ball 2-2: Strikes out swinging
|
Batting: RHB Sean Carswell
|
0-0: Ball 1-0: Swinging Strike 1-1: Ground out 6-3 (Groundball, 6, EV 100.0 MPH)
|
Batting: RHB Scott Anderson
|
0-0: Ball 1-0: Ball 2-0: Foul Ball, location: 2F 2-1: Ground out 5-3 (Groundball, 25, EV 82.5 MPH)
|
Bottom of the 8th over - 0 runs, 0 hits, 0 errors, 0 left on base; University of Nebraska 4 - University of Virginia 0 |
TOP OF THE 9TH |
University of Nebraska Cornhuskers batting - Pitching for University of Virginia Cavaliers : RHP Huang-di Jianbua
|
Batting: LHB Avicenna Abdul-Muta'al
|
0-0: Foul Ball, location: 2F 0-1: Ball 1-1: Ball 2-1: Foul Ball, location: 2F 2-2: Ground out 4-3 (Groundball, 4, EV 100.6 MPH)
|
Batting: RHB Charlie Lutz
|
0-0: Swinging Strike 0-1: Swinging Strike 0-2: Ball 1-2: Ball 2-2: Foul Ball, location: 2F 2-2: Strikes out swinging
|
Pinch Hitting: RHB Matt Peters
|
0-0: Called Strike 0-1: Called Strike 0-2: Foul Ball, location: 2F 0-2: Strikes out swinging
|
Top of the 9th over - 0 runs, 0 hits, 0 errors, 0 left on base; University of Nebraska 4 - University of Virginia 0 |
BOTTOM OF THE 9TH |
University of Virginia Cavaliers batting - Pitching for University of Nebraska Cornhuskers : RHP Jorge Morales
|
Now in CF: Alex Garcia
|
|
Batting: LHB Edelberto Barbas
|
0-0: Ball 1-0: Swinging Strike 1-1: Foul Ball, location: 2F 1-2: Ball 2-2: Ball 3-2: Foul Ball, location: 2F 3-2: Base on Balls
|
Batting: LHB Eustachio Bontempi
|
0-0: Ball 1-0: Fielders Choice at 2nd, 1-6 (Groundball, 13S, EV 66.9 MPH)
|
Batting: LHB Ray Nichter
|
0-0: Swinging Strike 0-1: Ball 1-1: Ball 2-1: Called Strike 2-2: Strikes out swinging
|
Batting: RHB Rob Coble
|
0-0: Foul Ball, location: 2F 0-1: Fly out, F7 (Flyball, 7LM, EV 81.9 MPH)
|
Bottom of the 9th over - 0 runs, 0 hits, 0 errors, 1 left on base; University of Nebraska 4 - University of Virginia 0 |
|